 Dungeon Crawl Stone Soup version 0.24-a0-584-g9d6b971ae4 (webtiles) character file.

Game seed: 13003671462956553129, levelgen mode: deterministic

180 Mame the Chopper (level 5, -3/48 HPs)
             Began as a Hill Orc Monk on Aug 29, 2019.
             Slain by Crazy Yiuf
             ... wielding a +2 quarterstaff of chaos
              (6 damage)
             ... on level 3 of the Dungeon.
             The game lasted 00:09:56 (4452 turns).

Mame the Chopper (Hill Orc Monk)                    Turns: 4452, Time: 00:09:56

Health: -3/48      AC:  2    Str: 13 (15) XL:     5   Next: 60%
Magic:  5/5        EV: 12    Int:  9 (10) God:
Gold:   219        SH:  0    Dex: 10 (13) Spells: 4/4 levels left

rFire    . . .     SeeInvis .   a - +0 hand axe
rCold    . . .     Gourm    .   (no shield)
rNeg     . . .     Faith    .   b - +0 robe
rPois    .         Spirit   .   (no helmet)
rElec    .         Reflect  .   (no cloak)
rCorr    .         Harm     .   (no gloves)
MR       .....                  (no boots)
Stlth    ++........             (no amulet)
HPRegen  0.16/turn              (no ring)
MPRegen  0.09/turn              (no ring)

@: lethally poisoned (-3 -> -19)
A: no striking features
a: no special abilities


You were on level 3 of the Dungeon.
You were not hungry.

You visited 1 branch of the dungeon, and saw 3 of its levels.

You collected 219 gold pieces.

Inventory:

Hand Weapons
 a - a +0 hand axe (weapon)
Armour
 b - a +0 robe (worn)
 i - a +0 buckler
Jewellery
 e - a +3 ring of strength {unknown}
 h - an uncursed ring of magical power {unknown}
Wands
 r - a wand of polymorph (4)
Scrolls
 d - 2 scrolls of fog {unknown}
 j - a scroll of identify {unknown}
 l - a scroll of amnesia {unknown}
 o - a scroll of teleportation {unknown}
 s - a scroll of enchant weapon {unknown}
Potions
 g - a potion of degeneration
 k - a potion of curing {unknown}
 m - a potion of might {unknown}
 n - a potion of heal wounds {unknown}
 p - a potion of mutation {unknown}
 q - a potion of ambrosia {unknown}
 t - a potion of berserk rage {unknown}
Comestibles
 c - 7 rations


   Skills:
 + Level 5.1 Fighting
 + Level 5.8 Axes
 - Level 2.4 Dodging
 - Level 1.5 Stealth
 * Level 2.9 Shields


You had 4 spell levels left.
You didn't know any spells.
Your spell library was empty.

Dungeon Overview and Level Annotations

Branches:
Dungeon (3/15)

Altars:
Dithmenos
Fedhas
Nemelex Xobeh
Sif Muna
Vehumet
Yredelemnul

Annotations:
D:3 Crazy Yiuf


Message History

You are more poisoned.
You hit Crazy Yiuf.
Crazy Yiuf is severely wounded.
You feel sick.
Crazy Yiuf hits you with a +2 quarterstaff of chaos!
* * * LOW HITPOINT WARNING * * *
It was a potion of degeneration.
There was something very wrong with that liquid.
You feel weakened.
You feel dopey.
You feel clumsy.
* * * LOW HITPOINT WARNING * * *
You feel sick. Crazy Yiuf misses you.
It was a potion of cancellation.
Your magical effects are unravelling.
You feel magically purged.
Your magical contamination has completely faded away.
You flicker back into view.
* * * LOW HITPOINT WARNING * * *
You feel sick.
Crazy Yiuf hits you with a +2 quarterstaff of chaos.
You die...

#.########.#####
#. #.......>..#
#. ##########.#
#. ### #. ##
######## ###
###.#....###
#...##..#.......#
#...g@####......#
#)..### ##.....#
### #####.# #.#
#.###### #.......
########


You could see Crazy Yiuf.

Vanquished Creatures
  Ijyb (D:3)
  Terence (D:3)
  A howler monkey skeleton (D:3)
  6 adders
  An ooze (D:3)
  3 worms (D:2)
  2 dart slugs
  A leopard gecko (D:1)
  2 orcs (D:3)
  A giant cockroach (D:1)
  8 goblins
  10 hobgoblins
  3 kobolds (D:1)
  A ball python (D:2)
  6 bats
  2 frilled lizards (D:2)
  7 rats
56 creatures vanquished.

Vanquished Creatures (others)
  4 toadstools (D:1)
4 creatures vanquished.

Grand Total: 60 creatures vanquished

Notes
Turn   | Place    | Note
-------+----------+-------------------------------------------
     0 | D:1      | Mame the Hill Orc Monk began the quest for the Orb.
     0 | D:1      | Reached XP level 1. HP: 19/19 MP: 1/1
   342 | D:1      | Reached XP level 2. HP: 23/27 MP: 2/2
  1060 | D:1      | Reached XP level 3. HP: 31/33 MP: 3/3
  1555 | D:2      | Found a sparkling altar of Nemelex Xobeh.
  1556 | D:2      | Found a shimmering blue altar of Sif Muna.
  1556 | D:2      | Found a shadowy altar of Dithmenos.
  1567 | D:2      | Found a radiant altar of Vehumet.
  1567 | D:2      | Found a blossoming altar of Fedhas.
  1588 | D:2      | Found a basalt altar of Yredelemnul.
  1611 | D:2      | Reached skill level 1 in Shields
  1979 | D:2      | Reached skill level 5 in Axes
  1983 | D:2      | Reached XP level 4. HP: 17/41 MP: 4/4
  3300 | D:3      | Noticed Terence
  3317 | D:3      | Killed Terence
  3317 | D:3      | Reached XP level 5. HP: 21/47 MP: 5/5
  3605 | D:3      | Reached skill level 5 in Fighting
  3736 | D:3      | Noticed Ijyb
  3800 | D:3      | Killed Ijyb
  4005 | D:3      | Found a runed translucent door.
  4006 | D:3      | Noticed Crazy Yiuf
  4452 | D:3      | Slain by Crazy Yiuf

Levels and vault maps discovered:
D:1:      dpeg_arrival_water_fire, layout_basic, minmay_gold_behind_fungi
D:2:      layout_basic, grunt_temple_overflow_open, first_ration, st_stairs_9
D:3:      layout_loops_ring, uniq_crazy_yiuf_cottage, uniq_terence, uniq_ijyb

Skill      XL: |  1  2  3  4  5 |
---------------+----------------+-----
Fighting       | 4 5 |  5.1
Shields        | 1 2 |  2.9
Axes           | 5 |  5.8
Dodging        | |  2.4
Stealth        | |  1.5

Action                   |  1- 3 |  4- 6 || total
-------------------------+-------+-------++-------
Melee: Hand axe          |   115 |   130 ||   245
  Use: Potion            |       |     2 ||     2
 Stab: Sleeping          |     3 |     1 ||     4
       Invisible         |       |     1 ||     1
  Eat: Chunk             |     3 |     7 ||    10
       Ration            |       |     1 ||     1
Armor: Robe              |    17 |     9 ||    26
Dodge: Dodged            |    77 |    59 ||   136

Table legend:
 A = Non-vault XP
 B = Vault XP
 C = Vault XP percentage of total XP
 D = Non-vault monster count
 E = Vault monster count
 F = Vault count percentage of total count
                 A         B        C        D         E       F
            +---------+---------+-------+---------+---------+-------
      Total |     187 |      71 |  27.5 |      52 |       4 |   7.1
            +---------+---------+-------+---------+---------+-------
        D:1 |      36 |       0 |   0.0 |      20 |       0 |   0.0
        D:2 |      96 |       6 |   5.9 |      20 |       2 |   9.1
        D:3 |      55 |      65 |  54.2 |      12 |       2 |  14.3
            +---------+---------+-------+---------+---------+-------
